 Dungeon Crawl Stone Soup version 0.29.1-2-gbd0b4ee654 (webtiles) character file.

Game seed: 4274463943013602601

7572 hiiriolo the Marksminotaur (level 10, -2/81 HPs)
             Began as a Minotaur Hunter on Nov 12, 2022.
             Was an Elder of Hepliaklqana.
             Killed from afar by a gargoyle (15 damage)
             ... with a stone arrow
             ... on level 10 of the Dungeon on Nov 13, 2022.
             The game lasted 00:37:59 (8706 turns).

hiiriolo the Marksminotaur (Minotaur Hunter)        Turns: 8706, Time: 00:37:59

Health: -2/81      AC:  6    Str: 11    XL:     10   Next: 97%
Magic:  9/9        EV: 15    Int:  6    God:    Hepliaklqana [****..]
Gold:   567        SH:  0    Dex: 25    Spells: 9/9 levels left

rFire   . . .      SeeInvis .   b - +0 whip (elec)
rCold   + + +      Faith    .   (no shield)
rNeg    . . .      Spirit   .   o - +3 robe of Yghob {rC+++ Str-4 Dex+6}
rPois   .          Reflect  .   l - +0 hat
rElec   .          Harm     .   (no cloak)
rCorr   .          Rampage  .   (no gloves)
Will    .....                   i - +0 pair of boots
Stlth   +++.......              (no amulet)
HPRegen 0.23/turn               m - ring of flight
MPRegen 0.11/turn               (no ring)

@: about to teleport, flying
A: reduced essence, horns 2, retaliatory headbutt
a: Renounce Religion, Recall Ancestor, Ancestor Identity, Transference, Idealise


You were on level 10 of the Dungeon.
You worshipped Hepliaklqana.
Hepliaklqana was greatly pleased with you.
You visited 1 branch of the dungeon, and saw 10 of its levels.

You collected 747 gold pieces.
You spent 180 gold pieces at shops.

Inventory:

Hand Weapons
 a - a +1 shortbow
 b - a +0 whip of electrocution (weapon)
Missiles
 x - 9 curare-tipped darts
 y - 6 javelins
 C - 29 poisoned darts
 E - 7 boomerangs
 F - 6 atropa-tipped darts
Armour
 c - a +0 leather armour
 i - a +0 pair of boots (worn)
 l - a +0 hat (worn)
 o - the +3 robe of Yghob (worn) {rC+++ Str-4 Dex+6}
   (You found it on level 2 of the Dungeon)

   Str:       It affects your strength (-4).
   Dex:       It affects your dexterity (+6).
   rC:        It renders you almost immune to cold.
Jewellery
 m - a ring of flight (left hand)
 r - a ring of magical power
Wands
 q - a wand of mindburst (28)
 u - a wand of paralysis (13)
 B - a wand of polymorph (5)
 H - a wand of digging (5)
 I - a wand of flame (17)
 J - a wand of iceblast (2)
Scrolls
 d - 3 scrolls of identify {unknown}
 f - 3 scrolls of silence {unknown}
 g - 4 scrolls of magic mapping
 k - 3 scrolls of teleportation
 p - 3 scrolls of enchant weapon
 t - a scroll of amnesia {unknown}
 v - 2 scrolls of blinking {unknown}
 w - 4 scrolls of immolation
 z - a scroll of acquirement {unknown}
 D - 2 scrolls of enchant armour {unknown}
 G - a scroll of vulnerability {unknown}
Potions
 e - 8 potions of curing
 h - a potion of berserk rage {unknown}
 j - 3 potions of might {unknown}
 n - 3 potions of mutation {unknown}
 s - a potion of lignification {unknown}
 A - 2 potions of degeneration {unknown}


   Skills:
 + Level 9.2 Fighting
 + Level 3.8 Maces & Flails
 + Level 15.3 Ranged Weapons
 + Level 1.7 Armour
 + Level 4.2 Dodging
 + Level 3.7 Stealth
 + Level 0.1 Evocations


You had 9 spell levels left.
You didn't know any spells.
Your spell library contained the following spells:

 Spells                   Type           Power      Damage    Failure   Level
 Sandblast                Erth           0%         2d4       45%         1
 Shock                    Conj/Air       0%         1d3       45%         1
 Slow                     Hex            0%         N/A       45%         1
 Passwall                 Tmut/Erth      0%         N/A       58%         2
 Confusing Touch          Hex            0%         N/A       83%         3
 Stone Arrow              Conj/Erth      0%         3d7       83%         3
 Swiftness                Air            0%         N/A       83%         3
 Vampiric Draining        Necr           0%         2d6       83%         3
 Airstrike                Air            0%         2d(0-16)  99%         4
 Iskenderun's Battlesphe  Conj           0%         2d6       100%        5
 Iron Shot                Conj/Erth      0%         9d1       100%        6
 Spellforged Servitor     Conj/Summ      0%         N/A       100%        7


Dungeon Overview and Level Annotations

Branches:
Dungeon (10/15)            Temple (0/1) D:4
   Lair: D:8-11         Orc: D:9-12

Altars:
Dithmenos
Gozag
Hepliaklqana
Makhleb
Ru
Uskayaw
Vehumet
Xom
Zin


Innate Abilities, Weirdness & Mutations

Your life essence is reduced to manifest your ancestor. (-10% HP)
You have a pair of horns on your head.
You reflexively headbutt those who attack you in melee.


Message History

You shoot an arrow.
The arrow hits the gargoyle but does no damage.
The gargoyle is lightly damaged.
You shoot an arrow. The arrow hits the gargoyle.
The gargoyle is moderately damaged.
You hear the crackle of electricity.
b - a +0 whip of electrocution (weapon)
The gargoyle hurls a stone arrow at you.
The stone arrow hits you!!
You hit the gargoyle but do no damage. You headbutt the gargoyle.
The gargoyle is heavily damaged.
You hit the gargoyle but do no damage.
You headbutt the gargoyle, but do no damage.
The gargoyle is heavily damaged.
The gargoyle hits you with a +0 flail.
You hit the gargoyle but do no damage. You headbutt the gargoyle.
The gargoyle is heavily damaged.
The gargoyle hits you with a +0 flail.
You barely miss the gargoyle.
The gargoyle is heavily damaged.
Amyrtaeus gestures at the gargoyle while chanting.
The gargoyle easily resists.
The gargoyle closely misses you.
You hit the gargoyle but do no damage.
You headbutt the gargoyle, but do no damage.
The gargoyle is heavily damaged.
The gargoyle hits you with a +0 flail.
You barely miss the gargoyle. Your headbutt misses the gargoyle.
The gargoyle is heavily damaged.
The gargoyle hurls a stone arrow at you.
The stone arrow hits you!!
You feel better.
The gargoyle hurls a stone arrow at you.
The stone arrow hits you!!
* * * LOW HITPOINT WARNING * * *
Okay, then.
As you read the scroll of teleportation, it crumbles to dust.
You feel strangely unstable.
The gargoyle hurls a stone arrow at you.
The stone arrow hits you!
You die...

#.### # #...# #
####'########
###...........#
#.'...........#
#.#...........#
#.#...........####
#.#...........'.R#
+.#...........##@#
###...........##.9......
# #...........#####.....
############# ####


You could see the friendly Amyrtaeus the hexer and a gargoyle (ally target).

Vanquished Creatures
  2 two-headed ogres (D:8)
  An elephant (D:10)
  Psyche (D:8)
  2 trolls
  2 wyverns
  A steam dragon (D:6)
  A warg (D:6)
  4 water moccasins
  2 ice beasts (D:7)
  2 orc warriors
  2 centaurs
  4 ogres
  2 kobold brigands (D:7)
  A bullfrog (D:8)
  2 gnoll sergeants (D:6)
  4 necrophages (D:5)
  3 scorpions
  5 howler monkeys
  A crimson imp (D:8)
  12 hounds
  11 orc priests
  4 jellies
  A gnoll bouda (D:6)
  4 orc wizards
  4 iguanas
  Natasha (twice) (D:4)
  5 gnolls (D:6)
  5 adders
  A shadow imp (D:5)
  A white imp (D:5)
  3 worms
  2 dart slugs
  28 orcs
  5 endoplasms
  10 giant cockroaches
  8 goblins
  9 hobgoblins
  4 jackals (D:1)
  A quokka (D:5)
  9 ball pythons
  5 bats
  7 frilled lizards
  20 kobolds
  6 rats
209 creatures vanquished.

Vanquished Creatures (collateral kills)
  Eustachio (D:4)
  4 ogres (D:6)
  4 kobold brigands (D:6)
  2 scorpions
  3 howler monkeys (D:6)
  2 gnoll boudas (D:6)
  2 orc priests
  A jelly (D:6)
  A hound (D:6)
  Natasha (D:4)
  2 orc wizards (D:6)
  3 adders
  A worm (D:4)
  7 orcs
  3 giant cockroaches
  A goblin (D:3)
  5 kobolds
43 creatures vanquished.

Vanquished Creatures (others)
  3 hexers
  An ancestor (D:2)
  11 plants (D:2)
15 creatures vanquished.

Grand Total: 267 creatures vanquished

Notes
Turn   | Place    | Note
-------+----------+-------------------------------------------
     0 | D:1      | hiiriolo the Minotaur Hunter began the quest for the Orb.
     0 | D:1      | Reached XP level 1. HP: 18/18 MP: 0/0
     9 | D:1      | Noticed a bullfrog
   217 | D:1      | Found a faded altar of an unknown god.
   254 | D:1      | Reached XP level 2. HP: 25/25 MP: 1/1
   291 | D:1      | Prayed at the altar of an unknown god.
   291 | D:1      | Became a worshipper of Hepliaklqana the Forgotten
   291 | D:1      | Reached * piety under Hepliaklqana
   410 | D:1      | Reached skill level 5 in Ranged Weapons
   746 | D:1      | Reached XP level 3. HP: 23/27 MP: 2/2
  1359 | D:2      | Reached skill level 1 in Armour
  1538 | D:2      | Identified the +3 robe of Yghob {rC+++ Str-4 Dex+6}
  1601 | D:2      | Reached XP level 4. HP: 33/33 MP: 3/3
  1721 | D:2      | Reached ** piety under Hepliaklqana
  1722 | D:2      | Remembered your ancestor Amyrtaeus as a hexer
  1923 | D:3      | Reached skill level 6 in Ranged Weapons
  2074 | D:3      | Reached XP level 5. HP: 39/39 MP: 4/4
  2238 | D:3      | Reached skill level 7 in Ranged Weapons
  2548 | D:3      | Found Zin's Purification Station.
  2551 | D:3      | Found a glowing silver altar of Zin.
  2556 | D:3      | Bought 2 potions of curing for 180 gold pieces
  2614 | D:4      | Reached skill level 1 in Stealth
  2615 | D:4      | Noticed an ogre
  2619 | D:4      | Killed an ogre
  2620 | D:4      | Reached XP level 6. HP: 45/45 MP: 5/5
  2664 | D:4      | Found a radiant altar of Vehumet.
  2961 | D:4      | Found a hide-covered altar of Uskayaw.
  3016 | D:4      | Noticed Natasha
  3019 | D:4      | Killed Natasha
  3135 | D:4      | Noticed Natasha
  3141 | D:4      | Killed Natasha
  3142 | D:4      | Reached skill level 8 in Ranged Weapons
  3157 | D:4      | Noticed Natasha
  3161 | D:4      | Killed Natasha
  3237 | D:4      | Noticed Eustachio
  3258 | D:4      | Killed Eustachio
  3259 | D:4      | Reached XP level 7. HP: 41/52 MP: 6/6
  3327 | D:4      | Found a staircase to the Ecumenical Temple.
  3422 | D:4      | Reached skill level 9 in Ranged Weapons
  3482 | D:5      | Entered Level 5 of the Dungeon
  3807 | D:5      | Reached skill level 10 in Ranged Weapons
  3807 | D:5      | Reached XP level 8. HP: 60/60 MP: 7/7
  4232 | D:5      | Reached skill level 11 in Ranged Weapons
  4263 | D:5      | Reached skill level 5 in Fighting
  4273 | D:5      | Reached skill level 1 in Maces & Flails
  4471 | D:6      | Found an opulent altar of Gozag.
  4502 | D:6      | Found a sacrificial altar of Ru.
  4654 | D:6      | Reached XP level 9. HP: 66/66 MP: 8/8
  4693 | D:6      | Reached skill level 12 in Ranged Weapons
  4818 | D:6      | Reached *** piety under Hepliaklqana
  5181 | D:7      | Reached skill level 13 in Ranged Weapons
  6505 | D:6      | Reached XP level 10. HP: 67/79 MP: 9/9
  6787 | D:6      | Identified the +5 ring mail of the Gloaming {rF++}
  6861 | D:6      | Reached skill level 14 in Ranged Weapons
  7430 | D:8      | Noticed a two-headed ogre
  7436 | D:8      | Killed a two-headed ogre
  7580 | D:8      | Found a shimmering altar of Xom.
  7581 | D:8      | Found a burning altar of Makhleb.
  7629 | D:8      | Reached **** piety under Hepliaklqana
  7645 | D:8      | Found a shadowy altar of Dithmenos.
  7886 | D:8      | Noticed Psyche
  7893 | D:8      | Killed Psyche
  7981 | D:8      | Found a faded altar of an unknown god.
  7981 | D:8      | Found a faded altar of an unknown god.
  7981 | D:8      | Found a faded altar of an unknown god.
  7983 | D:8      | Found a hazy altar of Hepliaklqana.
  8075 | D:8      | Noticed a two-headed ogre
  8081 | D:8      | Killed a two-headed ogre
  8082 | D:8      | Reached skill level 15 in Ranged Weapons
  8433 | D:9      | Noticed an elephant
  8454 | D:10     | Entered Level 10 of the Dungeon
  8459 | D:10     | Killed an elephant
  8690 | D:10     | Noticed a gargoyle
  8706 | D:10     | Killed from afar by a gargoyle

Illustrated notes

Levels and vault maps discovered:
D:1:      evilmike_arrival_come_back, layout_basic,
          nicolae_ecumenical_lake_church
D:2:      minmay_spotlight, layout_basic, serial_bayou_pond_c,
          guppyfry_early_orc_mine
D:3:      minmay_bubble_buster, layout_basic, zin_purify, eino_tiny_chamber
D:4:      layout_rooms, nicolae_vehumet_altar_sigil,
          mainiacjoe_overflow_small_starburst, temple_hall,
          grunt_decor_arrowhead, st_stairs_14, uniq_eustachio, uniq_natasha
D:5:      minmay_chambers_of_threes, layout_basic
D:6:      lemuel_castle_with_subvaults [lemuel_castle_interior_carwin_1],
          layout_rooms, nicolae_ru_sacrificial_ziggurat,
          nicolae_gozag_seed_capital, hangedman_decor_riveting
D:7:      layout_basic
D:8:      layout_basic, nicolae_hepliaklqana_ecumenical_no_more,
          grunt_temple_overflow_champion_of_chaos,
          grunt_dithmenos_smoke_and_mirrors, grunt_decor_fettered, uniq_psyche
D:9:      layout_loops_ring, tso_oasis_becter, david_lair_generic, eino_jars,
          uniq_pikel
D:10:     layout_roguey, gammafunk_ghost_arena, kennysheep_path_1

Skill      XL: |  1  2  3  4  5  6  7  8  9 10 |
---------------+-------------------------------+-----
Ranged Weapons | 5 6 7 8 10 11 13 15 | 15.3
Armour         | 1 |  1.7
Fighting       | 3 4 5 7 9 |  9.2
Stealth        | 1 2 3 |  3.7
Maces & Flails | 1 2 3 |  3.8
Dodging        | 3 4 |  4.2
Evocations     | |  0.1

Action                   |  1- 3 |  4- 6 |  7- 9 | 10-12 || total
-------------------------+-------+-------+-------+-------++-------
Melee: Whip              |       |       |    88 |    45 ||   133
       Headbutt          |       |       |    29 |    15 ||    44
       Punch             |       |       |     2 |     2 ||     4
 Fire: Shortbow          |   109 |   166 |   246 |   154 ||   675
Invok: Ancestor Life: He |       |     1 |       |       ||     1
Evoke: Wand              |       |       |       |     5 ||     5
  Use: Scroll            |       |       |     1 |     3 ||     4
       Potion            |       |       |       |     1 ||     1
 Stab: Confused          |       |       |     5 |     1 ||     6
       Distracted        |       |       |     1 |     1 ||     2
Armor: Leather armour    |     6 |       |       |       ||     6
       Robe              |       |    10 |    18 |    16 ||    44
Dodge: Dodged            |    21 |    23 |    67 |    47 ||   158
